 Dungeon Sprint DCSS version 0.29.1-2-gbd0b4ee654 (webtiles) character file.

Game seed: 8763727358698758733

851 boopmooplesden the Carver (level 7, -3/117 HPs)
             Began as a Minotaur Berserker on Nov 30, 2022.
             Was a Priest of Trog.
             Slain by a boulder beetle (10 damage)
             ... in the Dungeon (Sprint II: "The Violet Keep of Menkaure").
             The game lasted 00:00:45 (609 turns).

boopmooplesden the Carver (Minotaur Berserker)       Turns: 609, Time: 00:00:46

Health: -3/117     AC:  2    Str: 24    XL:     7   Next: 69%
Magic:  6/6        EV: 13    Int:  4    God:    Trog [***...]
Gold:   729        SH:  0    Dex:  9    Spells: 6/6 levels left

rFire   . . .      SeeInvis .   a - +0 falchion
rCold   . . .      Faith    .   (no shield)
rNeg    . . .      Spirit   .   b - +0 animal skin
rPois   .          Reflect  .   (helmet restricted)
rElec   .          Harm     .   (no cloak)
rCorr   .          Rampage  .   (no gloves)
Will    .....      NoTele   +   (no boots)
Stlth   ..........              (no amulet)
HPRegen 0.29/turn               (no ring)
MPRegen 0.10/turn               (no ring)

@: berserking (expiring), very quick
A: horns 2, retaliatory headbutt
a: Renounce Religion, Berserk, Trog's Hand


You were in the Dungeon.
You worshipped Trog.
Trog was most pleased with you.
You visited 1 branch You collected 729 gold pieces.

Inventory:

Hand Weapons
 a - a +0 falchion (weapon)
Armour
 b - a +0 animal skin (worn)
Scrolls
 h - a scroll of blinking
Potions
 d - a potion of heal wounds
 e - a potion of haste
 f - 2 potions of magic
 g - a potion of berserk rage


   Skills:
 + Level 12.5 Fighting
 + Level 13.5 Long Blades
 + Level 6.9 Armour
 + Level 6.8 Dodging
 + Level 0.1 Stealth


You had 6 spell levels left.
You didn't know any spells.
Your spell library was empty.

Dungeon Overview and Level Annotations

Branches:
Dungeon (1/1)

Altars:


Innate Abilities, Weirdness & Mutations

You have a pair of horns on your head.
You reflexively headbutt those who attack you in melee.


Message History

You slash the boulder beetle!
The boulder beetle is lightly wounded.
The boulder beetle bites you!
* * * LOW HITPOINT WARNING * * *
You completely miss the boulder beetle.
The boulder beetle is lightly wounded.
You slash the boulder beetle!
The boulder beetle is moderately wounded.
The boulder beetle barely misses you.
You hit the boulder beetle but do no damage.
You headbutt the boulder beetle, but do no damage.
The boulder beetle is moderately wounded.
You hit the boulder beetle but do no damage.
You headbutt the boulder beetle.
The boulder beetle is heavily wounded.
You hit the boulder beetle but do no damage.
You headbutt the boulder beetle.
The boulder beetle is heavily wounded.
The boulder beetle closely misses you.
You hit the boulder beetle but do no damage.
You headbutt the boulder beetle!
The boulder beetle is severely wounded.
You barely miss the boulder beetle. You headbutt the boulder beetle!
The boulder beetle is almost dead.
The boulder beetle barely misses you.
The boulder beetle leaps!
You hit the boulder beetle but do no damage.
You headbutt the boulder beetle, but do no damage.
The boulder beetle is almost dead.
The boulder beetle bites you!
* * * LOW HITPOINT WARNING * * *
You hit the boulder beetle but do no damage.
You headbutt the boulder beetle.
You punch the boulder beetle, but do no damage.
The boulder beetle is almost dead.
You hit the boulder beetle but do no damage.
The boulder beetle is almost dead.
You hit the boulder beetle.
The boulder beetle is almost dead.
The boulder beetle leaps!
The boulder beetle bites you!
You die...

#+# ###.###
#..#..#
####.#.####
##@###'###.#
#B.○##.##.#
+###'.<.'###+
#.°.##.##.#.#
##.###'###.##
####.).####
#..#..#
##...## ##+##


You could see a boulder beetle.

Vanquished Creatures
  A merfolk siren (D)
  2 wyverns (D)
  4 scorpions (D)
7 creatures vanquished.

Notes
Turn   | Place    | Note
-------+----------+-------------------------------------------
     0 | D        | boopmooplesden the Minotaur Berserker began the quest for
                  | the Orb.
     0 | D        | Reached XP level 1. HP: 19/19 MP: 0/0
     1 | D        | Noticed a wyvern
     1 | D        | Noticed a wyvern
     8 | D        | Killed a wyvern
     9 | D        | Reached skill level 8 in Long Blades
     9 | D        | Reached XP level 2. HP: 34/35 MP: 1/1
     9 | D        | Reached XP level 3. HP: 39/40 MP: 2/2
     9 | D        | Reached XP level 4. HP: 47/48 MP: 3/3
     9 | D        | Reached XP level 5. HP: 52/53 MP: 4/4
    11 | D        | Killed a wyvern
    12 | D        | Reached skill level 10 in Long Blades
    12 | D        | Reached skill level 5 in Armour
    12 | D        | Reached skill level 5 in Dodging
    12 | D        | Reached XP level 6. HP: 66/66 MP: 5/5
   107 | D        | Noticed a merfolk siren
   128 | D        | Killed a merfolk siren
   128 | D        | Reached ** piety under Trog
   129 | D        | Reached skill level 12 in Long Blades
   129 | D        | Reached XP level 7. HP: 54/75 MP: 6/6
   301 | D        | Reached skill level 13 in Long Blades
   305 | D        | Reached *** piety under Trog
   582 | D        | Noticed a boulder beetle
   582 | D        | Noticed a boulder beetle
   609 | D        | Slain by a boulder beetle

Illustrated notes

Levels and vault maps discovered:
D:        the_violet_keep_of_menkaure [sprint2_stairs_cluster_1,
          sprint2_shoproom, sprint2_temple, sprint2_basic_supplies,
          sprint2_obstacle_6, sprint2_obstacle_1, sprint2_obstacle_4,
          sprint2_obstacle_3, sprint2_obstacle_2, sprint2_timed_cluster_1,
          sprint2_smallroom_cluster_1, sprint2_smallroom_final_cluster_1,
          sprint2_transparent_cluster_1, sprint2_second_timed_cluster_1,
          sprint2_sniper_area_1, sprint2_heavy_combat_area_1,
          sprint2_mutation_trap_area_1, sprint2_forest_area_1,
          sprint2_light_combat_area_1, sprint2_behind_water_1,
          sprint2_near_end_vault_1]

Skill      XL: |  1  2  3  4  5  6  7 |
---------------+----------------------+-----
Fighting       | 8 9 11 12 | 12.5
Long Blades    | 8 10 12 13 | 13.5
Armour         | 4 5 6 |  6.9
Dodging        | 4 5 6 |  6.8
Stealth        | |  0.1

Action                   |  1- 3 |  4- 6 |  7- 9 || total
-------------------------+-------+-------+-------++-------
Melee: Falchion          |     6 |    23 |    37 ||    66
       Headbutt          |     1 |     5 |    13 ||    19
       Punch             |       |       |     2 ||     2
Invok: Berserk           |     1 |       |     2 ||     3
  Use: Potion            |       |       |     1 ||     1
Armor: Animal skin       |     1 |       |     3 ||     4
Dodge: Dodged            |     2 |     4 |    10 ||    16
